 Dungeon Crawl Stone Soup version 0.24-a0-117-g53b51606c3 (webtiles) character file.

Game seed: 7551775055629713021

97 MrRokkomies the Charlatan (level 4, -11/38 HPs)
             Began as a Gnoll Wanderer on Feb 18, 2019.
             Killed by nerve-wracking pain
             ... invoked by Jessica
              (14 damage)
             ... on level 2 of the Dungeon.
             The game lasted 00:05:21 (1905 turns).

MrRokkomies the Charlatan (Gnoll Wanderer)          Turns: 1905, Time: 00:05:22

Health: -11/38     AC:  7    Str: 16    XL:     4   Next: 68%
Magic:  5/7        EV: 10    Int: 15    God:
Gold:   116        SH:  4    Dex: 13    Spells: 4/5 levels left

rFire    x . .     SeeInvis .   h - +0 flail
rCold    + . .     Gourm    .   n - +0 buckler
rNeg     . . .     Faith    .   b - +1 ring mail
rPois    .         Spirit   .   (no helmet)
rElec    .         Reflect  .   (no cloak)
rCorr    .         Harm     .   (no gloves)
MR       .....                  (no boots)
Stlth    +.........             (no amulet)
HPRegen  0.12/turn              f - ring of ice
MPRegen  0.10/turn              (no ring)

@: no status effects
A: distributed training, fangs 1, strong nose
a: no special abilities


You were on level 2 of the Dungeon.
You were hungry.

You visited 1 branch of the dungeon, and saw 2 of its levels.

You collected 116 gold pieces.

Inventory:

Hand Weapons
 c - a +0 hand axe
 h - a +0 flail (weapon)
Missiles
 a - 140 stones (quivered)
 o - 17 sling bullets
Armour
 b - a +1 ring mail (worn)
 n - a +0 buckler (worn)
Jewellery
 f - a ring of ice (left hand)
Scrolls
 l - a scroll of amnesia {unknown}
 m - a scroll of random uselessness {unknown}
 p - a scroll of enchant armour
 q - a scroll of noise {unknown}
Potions
 e - 2 potions of agility {unknown}
 g - a potion of cancellation {unknown}
 i - a potion of lignification {unknown}
 j - a potion of magic {unknown}
 k - 2 potions of curing {unknown}
Comestibles
 d - 8 rations


   Skills:
 + Level 4.6 Fighting
 + Level 1.2 Short Blades
 + Level 1.2 Long Blades
 + Level 2.8 Axes
 + Level 1.2 Maces & Flails
 + Level 1.2 Polearms
 + Level 1.2 Staves
 + Level 1.2 Slings
 + Level 1.2 Bows
 + Level 1.2 Crossbows
 + Level 1.2 Throwing
 + Level 4.6 Armour
 + Level 1.2 Dodging
 + Level 1.2 Stealth
 + Level 1.2 Shields
 + Level 1.2 Unarmed Combat
 + Level 1.2 Spellcasting
 + Level 1.0 Conjurations
 + Level 1.0 Hexes
 + Level 1.0 Charms
 + Level 1.0 Summonings
 + Level 2.2 Necromancy
 + Level 1.0 Translocations
 + Level 3.8 Transmutations
 + Level 1.0 Fire Magic
 + Level 1.0 Ice Magic
 + Level 1.0 Air Magic
 + Level 1.0 Earth Magic
 + Level 1.0 Poison Magic
 + Level 1.3 Invocations
 + Level 4.6 Evocations


You had 4 spell levels left.
You knew the following spells:

 Your Spells              Type           Power        Failure   Level  Hunger
a - Sandblast             Erth           #.....       38%         1    ##.....

Your spell library contained the following spells:

 Spells                   Type           Power        Failure   Level  Hunger
 Passwall                 Tmut/Erth      #.......     34%         2    ###....
 Stone Arrow              Conj/Erth      #.....       77%         3    ####...
 Petrify                  Tmut/Erth      #.......     93%         4    #####..
 Lee's Rapid Deconstruct  Erth           #.........   100%        5    ######.


Dungeon Overview and Level Annotations

Branches:
Dungeon (2/15)

Altars:
Cheibriados
Wu Jian

Annotations:
D:2 Jessica


Innate Abilities, Weirdness & Mutations

Your experience applies equally to all skills.
You have very sharp teeth.
Your uncanny sense of smell can sniff out nearby items.


Message History

Jessica mumbles some strange words.
Jessica blinks!
Jessica mumbles some strange words.
Jessica blinks!
You start resting.
Jessica is too close now for your liking.
Casting: Sandblast (safe; 38% risk of failure)
Confirm with . or Enter, or press ? or * to list all spells.
Aiming: Sandblast (safe; 38% risk of failure)
Press: ? - help, Shift-Dir - straight line, f/p - Jessica
Aim: Jessica, wielding a +0 club and wearing a +2 robe (heavily wounded, fast)
The blast of sand hits Jessica but does no damage.
Jessica is heavily wounded.
a - 140 stones Jessica casts a spell at you.
Pain shoots through your body!
* * * LOW HITPOINT WARNING * * *
Jessica points at you and mumbles some strange words.
Pain shoots through your body!
You die...

..........=.........#.......##...
..#.####.##.#######.#............
.............>...##.+............
..###............####....#.......
#...................+............
#...#............####............
#...#.......####.................
###.#.>.....##.@......##........#
≈≈#.#.......##.#@...............#
#####.......##.#...#......#.#####
...............#...#............#
.....>....#....#...#....#########
....... #....#####.............
.####. ...........###....#...#.
.### ..........................
...##...............###...##...#.
.........§.......................


You could see Jessica.

Vanquished Creatures
  Terence (D:1)
  3 gnolls (D:2)
  An adder (D:2)
  5 bats
  2 giant cockroaches (D:2)
  6 goblins
  4 hobgoblins (D:2)
  3 jackals (D:2)
  A quokka (D:2)
  2 frilled lizards
  A kobold (D:1)
  3 rats
32 creatures vanquished.

Notes
Turn   | Place    | Note
-------+----------+-------------------------------------------
     0 | D:1      | MrRokkomies the Gnoll Wanderer began the quest for the Orb.
     0 | D:1      | MrRokkomies set off with the following items: a +0 ring
                  | mail, a +0 hand axe, a ration; and the following spell
                  | memorised: Sandblast; and the following spells available to
                  | memorise: Passwall, Stone Arrow, Petrify, Lee's Rapid
                  | Deconstruction
     0 | D:1      | Reached XP level 1. HP: 20/20 MP: 3/3
   890 | D:2      | Reached XP level 2. HP: 26/26 MP: 5/5
   891 | D:2      | Noticed Terence
   938 | D:1      | Killed Terence
   938 | D:1      | Reached XP level 3. HP: 8/31 MP: 6/6
  1227 | D:2      | Reached skill level 1 in Invocations
  1265 | D:2      | Reached skill level 1 in Short Blades
  1265 | D:2      | Reached skill level 1 in Long Blades
  1265 | D:2      | Reached skill level 1 in Maces & Flails
  1265 | D:2      | Reached skill level 1 in Polearms
  1265 | D:2      | Reached skill level 1 in Staves
  1265 | D:2      | Reached skill level 1 in Slings
  1265 | D:2      | Reached skill level 1 in Bows
  1265 | D:2      | Reached skill level 1 in Crossbows
  1265 | D:2      | Reached skill level 1 in Throwing
  1265 | D:2      | Reached skill level 1 in Dodging
  1265 | D:2      | Reached skill level 1 in Stealth
  1265 | D:2      | Reached skill level 1 in Shields
  1265 | D:2      | Reached skill level 1 in Unarmed Combat
  1265 | D:2      | Reached skill level 1 in Spellcasting
  1265 | D:2      | Reached XP level 4. HP: 33/38 MP: 5/7
  1305 | D:2      | Found an ornate altar of the Wu Jian Council.
  1667 | D:2      | Reached skill level 1 in Conjurations
  1667 | D:2      | Reached skill level 1 in Hexes
  1667 | D:2      | Reached skill level 1 in Charms
  1667 | D:2      | Reached skill level 1 in Summonings
  1667 | D:2      | Reached skill level 1 in Translocations
  1667 | D:2      | Reached skill level 1 in Fire Magic
  1667 | D:2      | Reached skill level 1 in Ice Magic
  1667 | D:2      | Reached skill level 1 in Air Magic
  1667 | D:2      | Reached skill level 1 in Earth Magic
  1667 | D:2      | Reached skill level 1 in Poison Magic
  1680 | D:2      | Found a snail-covered altar of Cheibriados.
  1884 | D:2      | Noticed Jessica
  1905 | D:2      | Killed from afar by Jessica

Levels and vault maps discovered:
D:1:      dpeg_arrival_solitude, layout_basic, serial_co_window_serial,
          co_window_of_opportunity_a, co_window_paths_b, co_window_corner_a,
          co_window_of_opportunity_a, co_window_paths_a, co_window_corner_cb,
          co_window_cross_3, co_window_broadway_c, co_window_paths_e,
          co_window_4corner_a, glass_columns_a, glass_columns_c,
          glass_columns_a, glass_columns_a, minmay_statues_item
D:2:      layout_basic, lemuel_coloured_pillars_altar, lemuel_crystal_altar,
          first_ration, chequers_serial_rivers_micro_b, minmay_misc_feat_roman,
          uniq_jessica, uniq_terence

Skill      XL: |  1  2  3  4 |
---------------+-------------+-----
Necromancy     | 2 |  2.2
Invocations    | 1 |  1.3
Short Blades   | 1 |  1.2
Long Blades    | 1 |  1.2
Maces & Flails | 1 |  1.2
Polearms       | 1 |  1.2
Staves         | 1 |  1.2
Slings         | 1 |  1.2
Bows           | 1 |  1.2
Crossbows      | 1 |  1.2
Throwing       | 1 |  1.2
Dodging        | 1 |  1.2
Stealth        | 1 |  1.2
Shields        | 1 |  1.2
Unarmed Combat | 1 |  1.2
Spellcasting   | 1 |  1.2
Conjurations   | 1 |  1.0
Hexes          | 1 |  1.0
Charms         | 1 |  1.0
Summonings     | 1 |  1.0
Translocations | 1 |  1.0
Fire Magic     | 1 |  1.0
Ice Magic      | 1 |  1.0
Air Magic      | 1 |  1.0
Earth Magic    | 1 |  1.0
Poison Magic   | 1 |  1.0
Fighting       | |  4.6
Axes           | |  2.8
Armour         | |  4.6
Transmutations | |  3.8
Evocations     | |  4.6

Action                   |  1- 3 |  4- 6 || total
-------------------------+-------+-------++-------
Melee: Hand axe          |    50 |       ||    50
       Bite              |    12 |     2 ||    14
       Flail             |    40 |    72 ||   112
       Punch             |       |     1 ||     1
 Cast: Sandblast         |     1 |     4 ||     5
  Use: Scroll            |     3 |       ||     3
  Eat: Chunk             |     1 |     2 ||     3
Armor: Ring mail         |    61 |    40 ||   101
Dodge: Dodged            |    80 |    50 ||   130
Block: Buckler           |       |     7 ||     7

Table legend:
 A = Non-vault XP
 B = Vault XP
 C = Vault XP percentage of total XP
 D = Non-vault monster count
 E = Vault monster count
 F = Vault count percentage of total count
                 A         B        C        D         E       F
            +---------+---------+-------+---------+---------+-------
      Total |     103 |      36 |  25.9 |      31 |       1 |   3.1
            +---------+---------+-------+---------+---------+-------
        D:1 |      10 |      36 |  78.3 |       7 |       1 |  12.5
        D:2 |      93 |       0 |   0.0 |      24 |       0 |   0.0
            +---------+---------+-------+---------+---------+-------
